[Event "ICC tourney 1942 (7 2)"]
[Site "Internet Chess Club"]
[Date "2020.07.31"]
[Round "5"]
[White "gaugerox"]
[Black "eternaldhatu"]
[Result "1-0"]
[ICCResult "Black resigns"]
[WhiteElo "1217"]
[BlackElo "962"]
[Opening "QGD: Semi-Tarrasch, 5.cd"]
[ECO "D41"]
[NIC "TD.12"]
[Time "21:24:43"]
[TimeControl "420+2"]

1. d4 d5 2. c4 e6 3. Nc3 Nf6 4. Nf3 c5 5. cxd5 cxd4 6. Nxd4 exd5 7. e3 Bc5
8. Bb5+ Nc6 9. Nxc6 bxc6 10. Bxc6+ Nd7 11. Bxa8 Ba6 12. Bxd5 Kf8 {Black
resigns} 1-0

[Event "ICC tourney 1942 (7 2)"]
[Site "Internet Chess Club"]
[Date "2020.07.31"]
[Round "5"]
[White "yogokings12"]
[Black "MonkeyTown"]
[Result "1-0"]
[ICCResult "Black resigns"]
[WhiteElo "1505"]
[BlackElo "1368"]
[Opening "KGA: bishop's gambit"]
[ECO "C33"]
[NIC "KG.03"]
[Time "21:23:49"]
[TimeControl "420+2"]

1. e4 e5 2. f4 exf4 3. Bc4 Be7 4. d4 Nf6 5. Nc3 Nxe4 6. Nxe4 d5 7. Bd3 dxe4
8. Bxe4 O-O 9. Bxf4 Nd7 10. Nf3 Nf6 11. Bd3 Bg4 12. c3 Nd5 13. Bd2 Re8 14.
O-O Nf6 15. h3 Bh5 16. Qc2 Bg6 17. Bxg6 hxg6 18. Ne5 Qd5 19. Rae1 Rad8 20.
b3 c5 21. Nf3 Bf8 22. c4 Qf5 23. Qxf5 gxf5 24. d5 Ne4 25. Bf4 Bd6 26. Bxd6
Nxd6 27. Ne5 Kf8 28. g4 fxg4 29. hxg4 Kg8 30. g5 Rf8 31. Nd3 Rfe8 32. Nxc5
{Black resigns}
1-0

[Event "ICC tourney 1942 (7 2)"]
[Site "Internet Chess Club"]
[Date "2020.07.31"]
[Round "5"]
[White "Luc2008"]
[Black "johnnydo928"]
[Result "1-0"]
[ICCResult "Black resigns"]
[WhiteElo "1382"]
[BlackElo "1315"]
[Opening "Réti: Nimzovich-Larsen attack"]
[ECO "A06"]
[NIC "QP.09"]
[Time "21:23:53"]
[TimeControl "420+2"]

1. Nf3 d5 2. b3 Bf5 3. Bb2 Nc6 4. e3 e6 5. c4 Nf6 6. Nc3 Bb4 7. d4 O-O 8.
Bd3 Be4 9. O-O Qd6 10. c5 Qd7 11. Bxe4 Bxc3 12. Bxh7+ Nxh7 13. Bxc3 Nf6 14.
b4 a6 15. a4 Ne4 16. Qc2 a5 17. b5 Ne7 18. Ne5 Qd8 19. f3 Ng5 20. e4 dxe4
21. fxe4 f6 22. Ng4 f5 23. exf5 exf5 24. Ne5 f4 25. Ng6 Nxg6 26. Qxg6 Ne4
27. Qxe4 {Black resigns} 1-0

[Event "ICC tourney 1942 (7 2)"]
[Site "Internet Chess Club"]
[Date "2020.07.31"]
[Round "5"]
[White "DrKnight01"]
[Black "Dabombpimp"]
[Result "0-1"]
[ICCResult "White resigns"]
[WhiteElo "1251"]
[BlackElo "1392"]
[Opening "Caro-Kann defense"]
[ECO "B10"]
[NIC "CK.01"]
[Time "21:28:16"]
[TimeControl "420+2"]

1. e4 c6 2. Nf3 d5 3. exd5 cxd5 4. d4 Bg4 5. Be2 Nf6 6. Nc3 e6 7. Bg5 Be7 8.
Bxf6 Bxf6 9. Qd2 Bxf3 10. Bxf3 Nc6 11. Ne2 Qb6 12. b3 Nxd4 13. Nxd4 Qxd4 14.
Qxd4 Bxd4 15. O-O-O Bxf2 16. Rhf1 Bc5 17. Rfe1 O-O 18. Rd3 Rac8 19. Be2 Ba3+
20. Kb1 Rc5 21. Rh3 e5 22. Bg4 f5 23. Bh5 g6 24. Bd1 e4 25. Be2 Rfc8 26. Bd1
d4 27. Rhe3 dxe3 {White resigns} 0-1

[Event "ICC tourney 1942 (7 2)"]
[Site "Internet Chess Club"]
[Date "2020.07.31"]
[Round "5"]
[White "QueenHM"]
[Black "oxdidi"]
[Result "1-0"]
[ICCResult "Black checkmated"]
[WhiteElo "1354"]
[BlackElo "1129"]
[Opening "French: Wing gambit"]
[ECO "C00"]
[NIC "FR.01"]
[Time "21:23:50"]
[TimeControl "420+2"]

1. e4 e6 2. Nf3 d5 3. e5 c5 4. b4 cxb4 5. d4 Qa5 6. Bd2 Nc6 7. Bd3 Qb6 8. c3
bxc3 9. Bxc3 Nb4 10. Be2 Bd7 11. O-O Nc6 12. a3 Be7 13. Bd3 O-O-O 14. Nbd2
Nh6 15. Rb1 Qc7 16. Qb3 g5 17. Rfc1 g4 18. Ne1 Nf5 19. Bxf5 exf5 20. Rb2 h5
21. Bb4 Bg5 22. Nd3 b6 23. Bd6 Qb7 24. Nb4 h4 25. Nxd5 f4 26. Ne4 Bh6 27.
Nef6 f3 28. Ne7# {Black checkmated} 1-0

[Event "ICC tourney 1942 (7 2)"]
[Site "Internet Chess Club"]
[Date "2020.07.31"]
[Round "5"]
[White "knighthawkmill"]
[Black "stephenwilly"]
[Result "0-1"]
[ICCResult "White checkmated"]
[WhiteElo "1463"]
[BlackElo "1483"]
[Opening "Blackmar-Diemer gambit"]
[ECO "D00"]
[NIC "QP.08"]
[Time "21:23:56"]
[TimeControl "420+2"]

1. d4 d5 2. Nc3 Nf6 3. e4 dxe4 4. f3 exf3 5. Qxf3 Nc6 6. Be3 Bg4 7. Qf2 e6
8. a3 a6 9. h3 Bf5 10. Nf3 Bd6 11. g4 Be4 12. Bg2 Bg6 13. O-O h5 14. g5 Ng4
15. hxg4 hxg4 16. Ne5 Nxe5 17. dxe5 Bxe5 18. Bf4 Bd4 19. Be3 Qd6 20. Rfd1
Qh2+ 21. Kf1 g3 22. Qf3 Bh5 23. Qxb7 Bxe3 24. Qc6+ Kf8 25. Qxa8+ Ke7 26.
Qxh8 Qg1# {White checkmated} 0-1

[Event "ICC tourney 1942 (7 2)"]
[Site "Internet Chess Club"]
[Date "2020.07.31"]
[Round "5"]
[White "IGMin2023"]
[Black "NicoSc"]
[Result "0-1"]
[ICCResult "White checkmated"]
[WhiteElo "1242"]
[BlackElo "1405"]
[Opening "King's Indian: 5.Nf3"]
[ECO "E90"]
[NIC "KI.21"]
[Time "21:23:50"]
[TimeControl "420+2"]

1. Nf3 Nf6 2. c4 g6 3. e4 d6 4. Nc3 Bg7 5. d4 O-O 6. g3 e5 7. dxe5 dxe5 8.
Qxd8 Rxd8 9. Nxe5 Nxe4 10. Nxe4 Bxe5 11. Bg5 Rf8 12. Rb1 Bf5 13. f3 Nc6 14.
Rd1 Bxb2 15. g4 Bxe4 16. fxe4 Ne5 17. Bg2 Nxg4 18. Rb1 Bc3+ 19. Ke2 b6 20.
h3 f6 21. Bc1 Ne5 22. Ba3 Rfe8 23. Rhd1 Rad8 24. Rdc1 Rd2+ 25. Kf1 Bd4 26.
Rb3 Rf2+ 27. Ke1 Rxg2 28. Rd1 Rg1+ 29. Ke2 Rxd1 30. Kxd1 Rd8 31. Kc2 c5 32.
Rb1 Nxc4 33. Bc1 Ne3+ 34. Bxe3 Bxe3 35. Re1 Bd4 36. Rd1 Kf7 37. Kc1 Bb2+ 38.
Kc2 Rxd1 39. Kxd1 Ke6 40. Kc2 Bd4 41. Kd3 Ke5 42. a3 b5 43. h4 h5 44. Ke2
Kxe4 45. Kd1 Kd3 46. Ke1 c4 47. Kd1 c3 48. Kc1 c2 49. a4 Kc3 50. a5 Be3#
{White checkmated}
0-1

[Event "ICC tourney 1942 (7 2)"]
[Site "Internet Chess Club"]
[Date "2020.07.31"]
[Round "5"]
[White "Outschoorn"]
[Black "SGOLD9367"]
[Result "0-1"]
[ICCResult "White resigns"]
[WhiteElo "1103"]
[BlackElo "1507"]
[Opening "Bishop's opening"]
[ECO "C23"]
[NIC "IG.04"]
[Time "21:23:59"]
[TimeControl "420+2"]

1. e4 e5 2. Bc4 Bd6 3. c3 Nf6 4. d3 h6 5. Ne2 Nc6 6. O-O O-O 7. f4 exf4 8.
Bxf4 Ne5 9. Bxe5 Bxe5 10. d4 Bxh2+ 11. Kxh2 Ng4+ 12. Kg1 Ne3 13. Qd3 Nxf1
14. Kxf1 d6 15. Nd2 Be6 16. d5 Bg4 17. Ng3 f5 18. Nxf5 g6 19. Qg3 gxf5 20.
exf5 Rxf5+ 21. Kg1 Qg5 22. Bd3 Rf4 23. Ne4 Qe5 24. Rf1 Rxe4 25. Qxe5 Rxe5
26. Rf4 h5 27. Kf2 Rf8 28. Rxf8+ Kxf8 29. c4 Ke7 30. b4 Kf6 31. a4 Bf5 32.
Bxf5 Rxf5+ 33. Ke3 Ke5 34. b5 Rf4 35. Kd3 Rg4 36. a5 Rxg2 37. a6 b6 38. Ke3
h4 39. Kf3 Rg7 {White resigns} 0-1

[Event "ICC tourney 1942 (7 2)"]
[Site "Internet Chess Club"]
[Date "2020.07.31"]
[Round "5"]
[White "kk12345"]
[Black "Jeffchess"]
[Result "0-1"]
[ICCResult "White resigns"]
[WhiteElo "1180"]
[BlackElo "1309"]
[Opening "Queen's pawn game"]
[ECO "A45"]
[NIC "QP.07"]
[Time "21:25:03"]
[TimeControl "420+2"]

1. d4 Nf6 2. e3 e6 3. a3 Bd6 4. Nf3 b6 5. c4 Bb7 6. Be2 h6 7. Nc3 Nh7 8. Bd3
Ng5 9. Nxg5 Qxg5 10. Be4 Bxe4 11. Nxe4 Qxg2 12. Nxd6+ cxd6 13. Rf1 Qxh2 14.
d5 e5 15. Bd2 Qh4 16. Qf3 Qxc4 17. e4 Qb5 18. Rc1 Na6 19. Qe3 Nc5 20. Rxc5
Qxc5 21. Qxc5 dxc5 22. Bc3 d6 23. f3 O-O 24. Rg1 f6 25. Bd2 g5 26. f4 Kh7
27. f5 Rfc8 28. Rh1 Rc7 29. Bc3 Rac8 30. Rh3 Rh8 31. Kf2 Kg8 32. Kg3 Rg7 33.
Bd2 h5 34. Kg2 g4 35. Rh4 Kf7 36. Be1 Ke7 37. Bf2 Kd7 38. Kg3 Kc7 39. a4 Kb7
40. Kg2 Ka6 41. Rh3 Ka5 42. b3 gxh3+ 43. Kxh3 Rg4 {White resigns} 0-1

[Event "ICC tourney 1942 (7 2)"]
[Site "Internet Chess Club"]
[Date "2020.07.31"]
[Round "5"]
[White "Reyvaj0075"]
[Black "DrPatzenGambino"]
[Result "0-1"]
[ICCResult "White checkmated"]
[WhiteElo "1442"]
[BlackElo "1447"]
[Opening "Réti opening"]
[ECO "A30"]
[NIC "QP.10"]
[Time "21:24:03"]
[TimeControl "420+2"]

1. Nf3 c5 2. c4 e5 3. Nxe5 d6 4. Nf3 Nc6 5. d3 g6 6. Nc3 Bg7 7. g3 Bg4 8.
Bg2 Qd7 9. O-O Bh3 10. Ne1 Nf6 11. e3 Bxg2 12. Nxg2 h5 13. e4 Ng4 14. Rb1 f6
15. Nd5 h4 16. Nc7+ Kf8 17. Nxa8 Nxh2 18. Nb6 axb6 19. Bf4 Nd4 20. Nxh4 Rxh4
21. Bxd6+ Qxd6 22. gxh4 Nhf3+ 23. Kg2 Qh2# {White checkmated} 0-1

[Event "ICC tourney 1942 (7 2)"]
[Site "Internet Chess Club"]
[Date "2020.07.31"]
[Round "5"]
[White "Saragupta"]
[Black "AJRChess2011"]
[Result "0-1"]
[ICCResult "White checkmated"]
[WhiteElo "1414"]
[BlackElo "1561"]
[Opening "Sicilian: closed"]
[ECO "B23"]
[NIC "SI.44"]
[Time "21:24:33"]
[TimeControl "420+2"]

1. e4 c5 2. Nc3 g6 3. f4 Bg7 4. Nf3 Nc6 5. Bc4 Nf6 6. d3 O-O 7. O-O e6 8. e5
Ne8 9. Be3 Qb6 10. Na4 Qb4 11. c3 Qa5 12. Bxc5 b5 13. b4 Qxa4 14. Qxa4 bxa4
15. Bxf8 Bxf8 16. Bb5 a3 17. d4 a5 18. bxa5 Rxa5 19. Bd3 Ba6 20. Bxa6 Rxa6
21. Rab1 Nc7 22. Rb7 Nd5 23. Rxd7 Nxc3 24. Rf2 Nb4 25. Rc2 Ncxa2 26. Rcc7
Nd5 27. Rb7 Nab4 28. Nd2 a2 29. Nb3 Ra3 30. Na1 Rd3 31. Kf2 Rd1 32. Nb3 Rb1
33. Ra7 Rxb3 34. Ke2 Rb1 35. Kd2 a1=Q 36. Rxa1 Rxa1 37. Rb7 Ra2+ 38. Ke1
Rxg2 39. h4 Nd3+ 40. Kf1 N5xf4 41. Rb8 Rf2+ 42. Kg1 Ne2+ 43. Kh1 Nxd4 44.
Rd8 Nf3 45. Rxd3 Rh2# {White checkmated} 0-1

[Event "ICC tourney 1942 (7 2)"]
[Site "Internet Chess Club"]
[Date "2020.07.31"]
[Round "5"]
[White "ab4gm"]
[Black "ullchen"]
[Result "1/2-1/2"]
[ICCResult "Game drawn by mutual agreement"]
[WhiteElo "1394"]
[BlackElo "1400"]
[Opening "Caro-Kann defense"]
[ECO "B10"]
[NIC "CK.01"]
[Time "21:24:00"]
[TimeControl "420+2"]

1. e4 c6 2. Nf3 d5 3. exd5 cxd5 4. d4 Nc6 5. Nc3 Nf6 6. Bb5 Bd7 7. O-O a6 8.
Bd3 Bg4 9. Bg5 Bxf3 10. Qxf3 Nxd4 11. Qe3 Ne6 12. Bxf6 gxf6 13. Bf5 d4 14.
Qf3 dxc3 15. Bxe6 h5 16. Bb3 cxb2 17. Rab1 Qc7 18. Ba4+ Kd8 19. Rfd1+ Kc8
20. Bd7+ Kb8 21. Rxb2 Bh6 22. Bc6 Ra7 23. Rd7 Qe5 24. Rdxb7+ Rxb7 25. Rxb7+
Kc8 26. g3 Rd8 27. Ra7 Qd6 28. Bb7+ Kb8 29. Ra8+ Kc7 30. Rxd8 Kxd8 31. Qc3
{Game drawn by mutual agreement}
1/2-1/2

[Event "ICC tourney 1942 (7 2)"]
[Site "Internet Chess Club"]
[Date "2020.07.31"]
[Round "5"]
[White "Ayushb"]
[Black "Schmall"]
[Result "1-0"]
[ICCResult "Black resigns"]
[WhiteElo "1581"]
[BlackElo "1538"]
[Opening "Sicilian: Najdorf, Opocensky variation"]
[ECO "B92"]
[NIC "SI.10"]
[Time "21:24:35"]
[TimeControl "420+2"]

1. e4 c5 2. Nf3 d6 3. d4 cxd4 4. Nxd4 Nf6 5. Nc3 a6 6. Be2 g6 7. Be3 Bg7 8.
O-O O-O 9. a4 e5 10. Nb3 Be6 11. Qd2 Re8 12. Rfd1 Bf8 13. Bc5 Nc6 14. Bxd6
Bxd6 15. Qxd6 Qxd6 16. Rxd6 Nb4 17. Rc1 Rac8 18. Rb6 a5 19. Nxa5 Nxc2 20.
Rxc2 Nxe4 21. f3 Nc5 22. Rd2 Ra8 23. Nc4 Nxa4 24. Nxa4 Rxa4 25. Nd6 Rd8 26.
Rxb7 Ra1+ 27. Kf2 Rh1 28. h3 h5 29. Ne4 Kg7 30. Rxd8 {Black resigns} 1-0

[Event "ICC tourney 1942 (7 2)"]
[Site "Internet Chess Club"]
[Date "2020.07.31"]
[Round "5"]
[White "pika0008"]
[Black "AkshatSuresh"]
[Result "0-1"]
[ICCResult "White resigns"]
[WhiteElo "1298"]
[BlackElo "1446"]
[Opening "Réti opening"]
[ECO "A30"]
[NIC "QP.10"]
[Time "21:23:57"]
[TimeControl "420+2"]

1. Nf3 c5 2. c4 e6 3. Nc3 Nc6 4. d4 cxd4 5. Nxd4 a6 6. e4 Qc7 7. Be3 Nf6 8.
Qd2 Bb4 9. f3 O-O 10. Be2 Rd8 11. O-O d5 12. cxd5 exd5 13. exd5 Nxd5 14. a3
Nxe3 15. axb4 Nxd4 16. Qxe3 Nc2 17. Qe4 Nxa1 18. Rxa1 Be6 19. Bd3 g6 20. Qe2
Rd7 21. Be4 Rad8 22. Ra5 Rd2 23. Qe3 Rxb2 24. Rc5 Qd7 25. Nd5 Bxd5 26. Rxd5
Qc7 27. h3 Rxb4 28. Qd2 Rxd5 29. Qxd5 Rc4 30. Bd3 Qc5+ {White resigns} 0-1

[Event "ICC tourney 1942 (7 2)"]
[Site "Internet Chess Club"]
[Date "2020.07.31"]
[Round "5"]
[White "SanthoshA"]
[Black "FozzieB"]
[Result "1-0"]
[ICCResult "Black forfeits on time"]
[WhiteElo "1305"]
[BlackElo "1054"]
[Opening "Hungarian defense"]
[ECO "C50"]
[NIC "IG.03"]
[Time "21:23:50"]
[TimeControl "420+2"]

1. e4 e5 2. Nf3 Nc6 3. Bc4 Be7 4. O-O Nf6 5. Nc3 d6 6. h3 O-O 7. d3 Na5 8.
Bb3 Nxb3 9. axb3 a6 10. Be3 Ne8 11. Qd2 f5 12. exf5 Bxf5 13. Ne2 Bf6 14. Ng3
Bg6 15. Nh2 e4 16. dxe4 Bxb2 17. Ra2 Be5 18. f4 Bf6 19. Qd5+ Bf7 20. Qxb7 a5
21. Qb5 c6 22. Qxc6 d5 23. e5 d4 24. Bd2 Bh4 25. Nf5 Bd5 26. Qc5 Rxf5 27.
Qxd4 Nc7 28. Rxa5 Bg3 29. Ng4 h5 30. Ne3 Bxf4 31. Nxf5 Bxd2 32. Qxd2 Rxa5
33. Qxa5 Be6 34. Nd6 Qe7 35. Qb6 Nd5 36. Qb8+ Kh7 37. Qf8 Qa7+ 38. Kh1 Nc3
39. Qf3 Nd5 40. Qxh5+ Kg8 41. Qe8+ Kh7 42. Qxe6 Qa6 43. Qf5+ Kg8 44. Qc8+
Qxc8 45. Nxc8 Ne3 46. Rf2 Nd1 47. Rd2 Ne3 48. e6 Kf8 49. e7+ Kf7 50. Rf2+
{Black forfeits on time}
1-0

[Event "ICC tourney 1942 (7 2)"]
[Site "Internet Chess Club"]
[Date "2020.07.31"]
[Round "5"]
[White "Benranger2011"]
[Black "Cooliguess"]
[Result "1-0"]
[ICCResult "Black resigns"]
[WhiteElo "1492"]
[BlackElo "1363"]
[Opening "King's Indian: fianchetto, classical variation"]
[ECO "E67"]
[NIC "KI.65"]
[Time "21:23:55"]
[TimeControl "420+2"]

1. d4 Nf6 2. c4 g6 3. g3 Bg7 4. Bg2 d6 5. Nf3 O-O 6. O-O Nbd7 7. Nc3 e5 8.
d5 a5 9. e4 Nc5 10. Re1 Ne8 11. Be3 b6 12. Bxc5 bxc5 13. a3 Ba6 14. b3 f5
15. Nb5 Qd7 16. a4 fxe4 17. Rxe4 Nf6 18. Re1 Rae8 19. Ng5 Bc8 20. Ne6 Rf7
21. Nbxc7 Ree7 22. Qd2 Ne8 23. Nxe8 Rxe8 24. Nxg7 Rxg7 25. Qxa5 Qf5 26. Be4
Qh3 27. Qb6 Rd7 28. a5 Rb7 29. Qxd6 Rxb3 30. Qxc5 Rf8 31. Ra3 Rb2 32. d6
Rfxf2 33. Qxf2 Rxf2 34. Kxf2 Qxh2+ 35. Kf3 g5 36. Bd5+ Kg7 37. a6 g4+ 38.
Ke4 Qb2 39. Rd3 Bxa6 40. d7 Qb8 41. Bc6 Qd8 42. Rb1 Bxc4 43. Rdd1 Kg6 44.
Rb8 Qf6 45. d8=Q Qf5+ 46. Ke3 Qe6 47. Rd6 Kf5 48. Rxe6 {Black resigns} 1-0

[Event "ICC tourney 1942 (7 2)"]
[Site "Internet Chess Club"]
[Date "2020.07.31"]
[Round "5"]
[White "Oliver0731"]
[Black "Egkninja"]
[Result "0-1"]
[ICCResult "White resigns"]
[WhiteElo "1272"]
[BlackElo "1266"]
[Opening "Scotch game"]
[ECO "C45"]
[NIC "SO.05"]
[Time "21:25:01"]
[TimeControl "420+2"]

1. e4 e5 2. Nf3 Nc6 3. d4 exd4 4. Nxd4 Bc5 5. Be3 Qf6 6. c3 Nge7 7. Bc4 O-O
8. f4 Nxd4 9. cxd4 Bb4+ 10. Nc3 Qc6 11. Qd3 Bxc3+ 12. bxc3 d6 13. d5 Qe8 14.
h3 f5 15. e5 Kh8 16. Bd4 dxe5 17. fxe5 Ng6 18. Bc5 Qxe5+ 19. Kd2 Re8 20.
Rhe1 Qf4+ 21. Kc2 Rxe1 22. Rxe1 Bd7 23. g3 Qh6 24. Be3 Qxh3 25. d6 Qxg3 26.
Rg1 Qh2+ 27. Kb3 Qxd6 28. Bf7 Qxd3 {White resigns} 0-1

[Event "ICC tourney 1942 (7 2)"]
[Site "Internet Chess Club"]
[Date "2020.07.31"]
[Round "6"]
[White "ullchen"]
[Black "MonkeyTown"]
[Result "0-1"]
[ICCResult "White checkmated"]
[WhiteElo "1383"]
[BlackElo "1385"]
[Opening "Petrov: Nimzovich attack"]
[ECO "C42"]
[NIC "RG.03"]
[Time "21:50:33"]
[TimeControl "420+2"]

1. e4 e5 2. Nf3 Nf6 3. Nxe5 d6 4. Nf3 Nxe4 5. Nc3 Nxc3 6. dxc3 Be7 7. Be3
O-O 8. Qd2 Nd7 9. O-O-O Nf6 10. Bd3 Be6 11. Kb1 Qd7 12. h3 Qa4 13. b3 Qa3
14. Nd4 Bd7 15. Qe2 Rfe8 16. Bc1 Nd5 17. Qxe7 Nxc3+ 18. Ka1 Qxa2#
{White checkmated}
0-1

[Event "ICC tourney 1942 (7 2)"]
[Site "Internet Chess Club"]
[Date "2020.07.31"]
[Round "6"]
[White "oxdidi"]
[Black "ab4gm"]
[Result "0-1"]
[ICCResult "White checkmated"]
[WhiteElo "1127"]
[BlackElo "1411"]
[Opening "French: advance variation"]
[ECO "C02"]
[NIC "FR.03"]
[Time "21:50:46"]
[TimeControl "420+2"]

1. e4 e6 2. d4 d5 3. e5 Nc6 4. Nf3 f6 5. Nc3 fxe5 6. dxe5 Bb4 7. Bd2 Nge7 8.
Bb5 Bd7 9. O-O a6 10. Ba4 O-O 11. Bg5 Bxc3 12. bxc3 Nxe5 13. Nxe5 Bxa4 14.
Qg4 Bxc2 15. Bh6 Ng6 16. Qg5 Qxg5 17. Bxg5 Nxe5 18. Be7 Rfe8 19. Rfe1 Rxe7
20. Rxe5 Rf8 21. Rae1 Rf6 22. Rxd5 exd5 23. Rxe7 Rc6 24. Rd7 Rxc3 25. Rxd5
Be4 26. Re5 Rc1# {White checkmated} 0-1

[Event "ICC tourney 1942 (7 2)"]
[Site "Internet Chess Club"]
[Date "2020.07.31"]
[Round "6"]
[White "Dabombpimp"]
[Black "NicoSc"]
[Result "0-1"]
[ICCResult "White resigns"]
[WhiteElo "1360"]
[BlackElo "1437"]
[Opening "Sicilian: dragon, 6.Be3"]
[ECO "B72"]
[NIC "SI.16"]
[Time "21:50:43"]
[TimeControl "420+2"]

1. e4 c5 2. Nf3 d6 3. d4 cxd4 4. Nxd4 Nf6 5. Nc3 g6 6. Be3 Bg7 7. Bc4 O-O 8.
Qd2 Nc6 9. O-O-O Bd7 10. f4 Qc7 11. Bb3 Na5 12. h3 Nxb3+ 13. axb3 Qa5 14.
Kb1 a6 15. g4 b5 16. f5 b4 17. Na2 Nxe4 18. Qxb4 Qxb4 19. Nxb4 a5 20. Na2 a4
21. fxg6 hxg6 22. Rd3 axb3 23. Rxb3 Rfb8 24. Rxb8+ Rxb8 25. b3 e5 26. Ne2 d5
27. Bc1 d4 28. Bb2 Bc6 29. Rf1 Nd2+ {White resigns} 0-1

[Event "ICC tourney 1942 (7 2)"]
[Site "Internet Chess Club"]
[Date "2020.07.31"]
[Round "6"]
[White "FozzieB"]
[Black "gaugerox"]
[Result "1-0"]
[ICCResult "Black resigns"]
[WhiteElo "1104"]
[BlackElo "1183"]
[Opening "Ruy Lopez: Graz variation"]
[ECO "C70"]
[NIC "RL.09"]
[Time "21:50:54"]
[TimeControl "420+2"]

1. e4 e5 2. Nf3 Nc6 3. Bb5 a6 4. Ba4 b5 5. Bb3 Bc5 6. O-O Nf6 7. Re1 O-O 8.
c3 Bb7 9. d4 exd4 10. cxd4 Bb4 11. Nc3 Na5 12. Bc2 Re8 13. Qd3 h6 14. e5
Bxf3 15. gxf3 g6 16. Bxh6 Kh7 17. Bg5 d5 18. Bxf6 Qd7 19. f4 Qg4+ 20. Qg3
Qxg3+ 21. hxg3 Bxc3 22. bxc3 Nc4 23. Kg2 {Black resigns} 1-0

[Event "ICC tourney 1942 (7 2)"]
[Site "Internet Chess Club"]
[Date "2020.07.31"]
[Round "6"]
[White "Cooliguess"]
[Black "Luc2008"]
[Result "0-1"]
[ICCResult "White checkmated"]
[WhiteElo "1332"]
[BlackElo "1413"]
[Opening "Benkö gambit: Zaitsev system"]
[ECO "A57"]
[NIC "BI.44"]
[Time "21:51:27"]
[TimeControl "420+2"]

1. d4 Nf6 2. c4 c5 3. d5 b5 4. cxb5 a6 5. Nc3 d6 6. e4 g6 7. Nf3 Bg7 8. Be3
O-O 9. Be2 axb5 10. Bxb5 Ba6 11. Bxa6 Nxa6 12. O-O Qb6 13. Qb3 Rfb8 14. Qxb6
Rxb6 15. Rab1 Ng4 16. Bd2 Rab8 17. a3 Rb3 18. h3 Ne5 19. Nxe5 Bxe5 20. f4
Bd4+ 21. Kh2 c4 22. g4 Nc5 23. Rfe1 Nd3 24. Rf1 Rxb2 25. Rxb2 Rxb2 26. Nb1
c3 27. Kg3 cxd2 28. Rd1 Rxb1 29. Rxb1 Nb2 30. a4 d1=Q 31. Rxd1 Nxd1 32. Kf3
Nc3 33. a5 Bc5 34. f5 g5 35. a6 Na2 36. Kg3 Nb4 37. h4 gxh4+ 38. Kxh4 Nxa6
39. Kg5 Kg7 40. Kf4 Nb4 41. g5 h6 42. Kg4 hxg5 43. Kxg5 Nxd5 44. exd5 Bd4
45. Kf4 Kf6 46. Ke4 Be3 47. Kxe3 Kxf5 48. Kd4 Kf4 49. Kd3 Ke5 50. Ke3 Kxd5
51. Kd3 Ke5 52. Ke3 d5 53. Kd3 d4 54. Kd2 Kd5 55. Kd3 e5 56. Kd2 e4 57. Ke2
f5 58. Ke1 e3 59. Ke2 Ke4 60. Ke1 d3 61. Kd1 Kd4 62. Ke1 f4 63. Kd1 f3 64.
Ke1 Kc3 65. Kd1 f2 66. Kc1 f1=Q# {White checkmated} 0-1

[Event "ICC tourney 1942 (7 2)"]
[Site "Internet Chess Club"]
[Date "2020.07.31"]
[Round "6"]
[White "Schmall"]
[Black "pika0008"]
[Result "0-1"]
[ICCResult "White resigns"]
[WhiteElo "1498"]
[BlackElo "1346"]
[Opening "QGD Slav defense"]
[ECO "D10"]
[NIC "SL.01"]
[Time "21:51:08"]
[TimeControl "420+2"]

1. d4 d5 2. c4 c6 3. Nc3 Nf6 4. Bg5 dxc4 5. e4 b5 6. Nf3 Bg4 7. Bxf6 gxf6 8.
a4 Qd7 9. axb5 cxb5 10. b3 Nc6 11. d5 Ne5 12. h3 Nxf3+ 13. gxf3 Bh5 14. bxc4
bxc4 15. Bxc4 Rb8 16. Qd3 Qc7 17. Nb5 Qc5 18. Rxa7 Qb4+ 19. Ke2 Qb2+ 20. Ke3
Bh6+ 21. f4 Bxf4+ 22. Kxf4 Qxf2+ {White resigns} 0-1

[Event "ICC tourney 1942 (7 2)"]
[Site "Internet Chess Club"]
[Date "2020.07.31"]
[Round "6"]
[White "Benranger2011"]
[Black "yogokings12"]
[Result "1/2-1/2"]
[ICCResult "Game drawn because neither player has mating material"]
[WhiteElo "1493"]
[BlackElo "1504"]
[Opening "Neo-Grünfeld, 6.cd Nxd5, 7.O-O c5, 8.dc"]
[ECO "D75"]
[NIC "GI.02"]
[Time "21:50:43"]
[TimeControl "420+2"]

1. d4 Nf6 2. c4 g6 3. g3 Bg7 4. Bg2 d5 5. Nf3 O-O 6. O-O c5 7. cxd5 Nxd5 8.
dxc5 Na6 9. Nc3 Nxc3 10. bxc3 Bxc3 11. Rb1 Nxc5 12. Bh6 Qxd1 13. Rfxd1 Bg7
14. Bxg7 Kxg7 15. Ne5 Bf5 16. Rb5 Rac8 17. Bxb7 Nxb7 18. Rxb7 Rc2 19. Rxa7
Rxe2 20. Nd7 Rd8 21. a4 Ra2 22. a5 Rxd7 23. Rdxd7 Bxd7 24. Rxd7 Rxa5 25.
Rxe7 Kf6 26. Re3 Ra1+ 27. Kg2 Ra5 28. Rf3+ Rf5 29. Re3 g5 30. f3 h5 31. g4
hxg4 32. fxg4 Re5 33. Rf3+ Kg6 34. Kg3 Re1 35. Kf2 Ra1 36. Kg2 Ra2+ 37. Kg3
Ra4 38. Rf2 f6 39. Rf3 Ra1 40. Kg2 Ra4 41. Kg3 Ra1 42. Kg2 Ra2+ 43. Kg3 Re2
44. Rf5 Re3+ 45. Rf3 Rxf3+ 46. Kxf3 f5 47. h3 f4 48. Ke4 Kf6 49. h4 gxh4 50.
Kxf4 Kg6 51. g5 Kh5 52. g6 Kxg6 53. Kg4 h3 54. Kxh3
{Game drawn because neither player has mating material}
1/2-1/2

[Event "ICC tourney 1942 (7 2)"]
[Site "Internet Chess Club"]
[Date "2020.07.31"]
[Round "6"]
[White "Outschoorn"]
[Black "IGMin2023"]
[Result "0-1"]
[ICCResult "White forfeits on time"]
[WhiteElo "1092"]
[BlackElo "1253"]
[Opening "Bishop's opening: Berlin defense"]
[ECO "C24"]
[NIC "IG.04"]
[Time "21:50:41"]
[TimeControl "420+2"]

1. e4 e5 2. Bc4 Nf6 3. d3 Nc6 4. Bg5 h6 5. Bh4 Be7 6. c3 Na5 7. Bxf6 Bxf6 8.
Nf3 Nxc4 9. dxc4 O-O 10. O-O d6 11. Nbd2 b6 12. b4 c5 13. b5 a6 14. a4 axb5
15. axb5 Rxa1 16. Qxa1 Bb7 17. Qa7 Ba8 18. Ne1 Bg5 19. Nb3 Bxe4 20. Nd3 Bxd3
21. Rd1 Bc2 22. Qa1 Bxb3 23. Re1 Bxc4 24. Qa4 Bd5 25. c4 Bb7 26. h3 Bd2 27.
Rd1 Bf4 28. g3 Bg5 29. h4 Bf6 30. Qa7 Qc8 31. Rxd6 e4 32. Rxb6 Ba8 33. Ra6
Qh3 34. Qxc5 e3 {White forfeits on time} 0-1

[Event "ICC tourney 1942 (7 2)"]
[Site "Internet Chess Club"]
[Date "2020.07.31"]
[Round "6"]
[White "DrPatzenGambino"]
[Black "Saragupta"]
[Result "1-0"]
[ICCResult "Black resigns"]
[WhiteElo "1485"]
[BlackElo "1405"]
[Opening "Sicilian: Smith-Morra gambit"]
[ECO "B21"]
[NIC "SI.48"]
[Time "21:50:33"]
[TimeControl "420+2"]

1. e4 c5 2. d4 cxd4 3. f4 Nc6 4. c3 d3 5. Bxd3 d6 6. Be3 g6 7. g4 Bg7 8. h4
d5 9. e5 Nh6 10. f5 Nxe5 11. Bb5+ Bd7 12. Bxh6 Bxh6 13. Qxd5 Bxb5 14. Qxe5
O-O 15. Qxb5 Bf4 16. Ne2 a6 17. Qc4 Be5 18. Nd2 b5 19. Qb3 Qd3 20. c4 Qd6
21. O-O-O Rac8 22. Kb1 Rb8 23. c5 Qxc5 24. h5 a5 25. hxg6 hxg6 26. fxg6 a4
27. Qh3 Rfc8 28. Qh7+ {Black resigns} 1-0